 Dungeon Crawl Stone Soup version 0.19-b1-4-gd8a0a2a (webtiles) character file.

33 sugabear the Cudgeler (level 3, -2/18 HPs)
             Began as a Vine Stalker Gladiator on Oct 30, 2016.
             Slain by a kobold
             ... wielding a +0 short sword
              (4 damage)
             ... on level 1 of the Dungeon.
             The game lasted 00:00:46 (612 turns).

sugabear the Cudgeler (Vine Stalker Gladiator)       Turns: 612, Time: 00:00:47

Health: -2/18      AC:  4    Str: 17    XL:     3   Next: 29%
Magic:  0/4        EV: 13    Int:  8    God:
Gold:   48         SH:  0    Dex: 15    Spells: 0 memorised, 2 levels left

rFire  . . .     SeeInvis .     a - +0 flail
rCold  . . .     Gourm    .     b - +0 leather armour
rNeg   . . .     Faith    .     (no shield)
rPois  .         Spirit   +     c - +0 helmet
rElec  .         Reflect  .     (no cloak)
rCorr  .         Harm     .     (no gloves)
MR     .....                    (no boots)
Stlth  +.........               (no amulet)
                                (no ring)
                                (no ring)

@: no status effects
A: fangs 2, magic shield, antimagic bite, no device heal 3, rot immunity
a: no special abilities


You were on level 1 of the Dungeon.
You were not hungry.

You visited 1 branch of the dungeon, and saw 1 of its levels.

You collected 48 gold pieces.

Inventory:

Hand Weapons
 a - a +0 flail (weapon)
Missiles
 d - 2 throwing nets (quivered)
Armour
 b - a +0 leather armour (worn)
 c - a +0 helmet (worn)
Scrolls
 g - a scroll of fear {unknown}
 h - a scroll of amnesia {unknown}
 i - a scroll of identify {unknown}
 j - a scroll of noise {unknown}
Potions
 e - 2 potions of mutation {unknown}
 k - a potion of brilliance {unknown}
 l - a potion of berserk rage {unknown}
 m - a potion of curing {unknown}
Comestibles
 f - 3 bread rations


   Skills:
 + Level 2.1 Fighting
 + Level 3.1 Maces & Flails
 + Level 1.9 Throwing
 + Level 0.4 Armour
 + Level 2.7 Dodging
 + Level 0.3 Stealth


You had 2 spell levels left.
You didn't know any spells.

Dungeon Overview and Level Annotations

Branches:
Dungeon (1/15)

Altars:


Innate Abilities, Weirdness & Mutations

You have extremely sharp teeth.
When hurt, damage is shared between your health and your magic reserves.
Your bite disrupts and absorbs the magic of your enemies.
Potions and wands cannot restore your health.
You are immune to rotting.


Message History

The goblin barely misses you.
You barely miss the goblin. Your bite misses the goblin.
The goblin is heavily wounded.
The goblin hits you but does no damage. The goblin hits you with a club.
* * * LOW HITPOINT WARNING * * *
You barely miss the goblin. You bite the goblin. You drain its power.
You kill the goblin!
The kobold throws a stone.
The stone closely misses you. The kobold hits you but does no damage.
Items here: ( )) † a club; a whip; a stone; a gnoll corpse You closely miss the kobold.
Your bite misses the kobold. The kobold hits you but does no damage.
You closely miss the kobold. You bite the kobold. You drain its power.
The kobold is severely wounded.
The kobold hits you with a short sword.
You closely miss the kobold. Your bite misses the kobold.
The kobold is severely wounded.
The kobold hits you with a short sword.
You die...

#.<##..##....#.........†.........
####...##....#...##.....#########
###...###....#....#(....#
......##....##.....†....#
....###.....##..#.......#
######.....###..(..........
####......## #.........###..
.........## ###.##....# #
..(....### #@##....# .....###
#...†K##....# ######
#.....####...... ..?... ....#
..... #### ..... .... ....


You could see a kobold.

Vanquished Creatures
  A gnoll (D:1)
  2 leopard geckos (D:1)
  3 giant cockroaches (D:1)
  A goblin (D:1)
  4 hobgoblins (D:1)
  2 kobolds (D:1)
  3 bats (D:1)
  A frilled lizard (D:1)
  3 rats (D:1)
20 creatures vanquished.

Notes
Turn   | Place    | Note
-------+----------+-------------------------------------------
     0 | D:1      | sugabear the Vine Stalker Gladiator began the quest for the Orb.
     0 | D:1      | Reached XP level 1. HP: 11/11 MP: 2/2
   473 | D:1      | Reached XP level 2. HP: 15/15 MP: 3/3
   599 | D:1      | Reached skill level 3 in Maces & Flails
   603 | D:1      | Reached XP level 3. HP: 2/18 MP: 4/4
   612 | D:1      | Slain by a kobold

Skill      XL: |  1  2 |
---------------+-------+-----
Fighting       | 2 |  2.1
Maces & Flails | 3 |  3.1
Throwing       | |  1.9
Armour         | |  0.4
Dodging        | |  2.7
Stealth        | |  0.3

Action                   || total
-------------------------++-------
Melee: Flail             ||    67
       Bite              ||    24
Throw: Throwing net      ||     1
Armor: Leather armour    ||    28
Dodge: Dodged            ||    56
